 Dungeon Crawl Stone Soup version 0.29-a0-870-g2c972031a6 (webtiles) character file.

Game seed: 17331683593560392207

53 Hasart the Shooter (level 3, -4/29 HPs)
             Began as a Demigod Hunter on July 17, 2022.
             Slain by a gnoll
             ... wielding a +0 club
              (5 damage)
             ... on level 1 of the Dungeon.
             The game lasted 00:01:28 (1303 turns).

Hasart the Shooter (Demigod Hunter)                 Turns: 1303, Time: 00:01:28

Health: -4/29      AC:  3    Str: 12    XL:     3   Next: 41%
Magic:  0/5        EV: 12    Int: 11    God:
Gold:   71         SH:  0    Dex: 21    Spells: 2/2 levels left

rFire   . . .      SeeInvis .   a - +0 shortbow
rCold   . . .      Faith    .   (shield currently unavailable)
rNeg    . . .      Spirit   +   c - +0 leather armour
rPois   .          Reflect  .   (no helmet)
rElec   .          Harm     .   (no cloak)
rCorr   .          Rampage  .   (no gloves)
Will    .....                   (no boots)
Stlth   ++........              g - amulet of guardian spirit
HPRegen 0.09/turn               (no ring)
MPRegen 0.09/turn               (no ring)

@: no status effects
A: high MP 1, forlorn, divine attributes
a: no special abilities


You were on level 1 of the Dungeon.
You visited 1 branch of the dungeon, and saw 2 of its levels.

You collected 107 gold pieces.
You spent 36 gold pieces at shops.

Inventory:

Hand Weapons
 a - a +0 shortbow (weapon)
Armour
 c - a +0 leather armour (worn)
Jewellery
 g - an amulet of guardian spirit (around neck)
Scrolls
 b - 2 scrolls of immolation
 e - 2 scrolls of magic mapping {unknown}
 f - a scroll of fear {unknown}
 j - 2 scrolls of noise {unknown}
 k - a scroll of enchant weapon {unknown}
 l - 3 scrolls of teleportation
Potions
 d - a potion of brilliance {unknown}
 h - 2 potions of resistance {unknown}
 i - a potion of attraction {unknown}


   Skills:
 + Level 2.2 Fighting
 * Level 4.1 Ranged Weapons
 + Level 2.2 Dodging
 + Level 1.6 Stealth


You had 2 spell levels left.
You didn't know any spells.
Your spell library contained the following spells:

 Spells                   Type           Power      Damage    Failure   Level
 Magic Dart               Conj           0%         1d3       41%         1
 Searing Ray              Conj           0%         2d4       56%         2
 Static Discharge         Conj/Air       0%         3-3/arc   56%         2
 Fulminant Prism          Conj/Hex       0%         3d6       99%         4
 Lightning Bolt           Conj/Air       0%         1d11      100%        5
 Maxwell's Capacitive Co  Air            0%         ∞         100%        8


Dungeon Overview and Level Annotations

Branches:
Dungeon (2/15)

Shops:
D:2 ?


Innate Abilities, Weirdness & Mutations

You have an increased reservoir of magic. (+10% MP)
You shall have no god before yourself.
Your divine heritage dramatically boosts your attributes as you level up.


Message History

You shoot an arrow. The arrow hits the gnoll.
The gnoll is lightly wounded.
The gnoll hits you with a +0 club. The gnoll hits you with a +0 whip.
Unknown command.
The gnoll attacks as you move away! The gnoll hits you with a +0 club.
There is an escape hatch in the ceiling here.
The gnoll hits you with a +0 club. A mysterious force pulls you upwards.
The hatch slams shut behind you.
Fire: a) +0 shortbow
Press: ? - help, Q - select action Shift-Dir - straight line, f - gnoll
Aim: a gnoll, wielding a +0 club and wearing a +0 chain mail (lightly wounded, 75% to hit)
You shoot an arrow. The arrow hits the gnoll.
The gnoll is moderately wounded.
The gnoll hits you with a +0 club.
* * * LOW HITPOINT WARNING * * *
The gnoll misses you.
Unknown command.
Fire: a) +0 shortbow
Press: ? - help, Q - select action Shift-Dir - straight line, f/p - gnoll
Aim: a gnoll, wielding a +0 club and wearing a +0 chain mail (moderately wounded, 75% to hit)
You shoot an arrow. The arrow hits the gnoll.
The gnoll is heavily wounded.
The gnoll hits you with a +0 club!
* * * LOW HITPOINT WARNING * * *
Unknown command.
Fire: a) +0 shortbow
Press: ? - help, Q - select action Shift-Dir - straight line, f/p - gnoll
Aim: a gnoll, wielding a +0 club and wearing a +0 chain mail (heavily wounded, 75% to hit)
You shoot an arrow.
The arrow hits the gnoll but does no damage.
The gnoll is heavily wounded.
The gnoll hits you with a +0 club.
Unknown command.
Fire: a) +0 shortbow
Press: ? - help, Q - select action Shift-Dir - straight line, f/p - gnoll
Aim: a gnoll, wielding a +0 club and wearing a +0 chain mail (heavily wounded, 75% to hit)
You shoot an arrow. The arrow hits the gnoll.
The gnoll is almost dead.
The gnoll hits you with a +0 club.
You die...

.# #.# #.>.......## #..... .# #.#
#.####.....## #.#### .# #.#
#...........# #.# #
)####.######..###...##.# #.#
.##...........#(##..##.# #.#
.##.#..#####..##)##..#.# #.# #
....#..# ##..##....#.# #.# #
)####..# #...#...##.# #.# # .#
#..# #...@g.###.# #.# # .# #..#
##.##.(###..# #.# # .####..#
#..######...## #.####
.......#####............####.....
.........†.........##.#..........
..###.###############...#########
..# #.# #########.###
..###.#######.........# ######
......).......#.####### #..(..


You could see a gnoll.

Vanquished Creatures
  A gnoll (D:2)
  2 adders (D:2)
  An orc (D:2)
  4 ball pythons
  2 endoplasms
  2 giant cockroaches
  2 goblins (D:1)
  3 hobgoblins
  2 bats (D:1)
  5 kobolds
  A rat (D:2)
25 creatures vanquished.

Vanquished Creatures (others)
  4 fungi (D:2)
  3 plants (D:2)
7 creatures vanquished.

Grand Total: 32 creatures vanquished

Notes
Turn   | Place    | Note
-------+----------+-------------------------------------------
     0 | D:1      | Hasart the Demigod Hunter began the quest for the Orb.
     0 | D:1      | Reached XP level 1. HP: 17/17 MP: 3/3
     6 | D:1      | Noticed a wolf
     6 | D:1      | Noticed a black bear
     7 | D:1      | Noticed a lindwurm
     7 | D:1      | Noticed a salamander
   135 | D:1      | Reached skill level 1 in Stealth
   216 | D:1      | Reached XP level 2. HP: 24/24 MP: 4/4
   812 | D:2      | Reached skill level 4 in Ranged Weapons
   928 | D:2      | Reached XP level 3. HP: 29/29 MP: 5/5
  1252 | D:2      | Found Guvvoqoiga's Magic Scroll Shop.
  1260 | D:2      | Bought a scroll of teleportation for 36 gold pieces
  1301 | D:1      | HP: 1/29 [gnoll/+0 club (7)]
  1303 | D:1      | Slain by a gnoll

Illustrated notes

Levels and vault maps discovered:
D:1:      onia_arrival_zoo_common, layout_loops_ring, minmay_cupped
D:2:      layout_loops_ring, shapermc_ecumenical_altar_rom_forum, serial_shops,
          shop_statue, ebering_dispersal_statue_hall, uniq_jessica

Skill      XL: |  1  2 |
---------------+-------+-----
Stealth        | 1 |  1.6
Fighting       | 2 |  2.2
Dodging        | 2 |  2.2
Ranged Weapons | 4 |  4.1

Action                   || total
-------------------------++-------
 Fire: Shortbow          ||    75
Armor: Leather armour    ||     4
Dodge: Dodged            ||    12

Table legend: (Time is in decaauts)
 A = Elapsed time spent in this place.
 B = Non-inter-level travel time spent in this place.
 C = Inter-level travel time spent in this place.
 D = Time resting spent in this place.
 E = Time spent auto-exploring this place.
 F = Levels seen in this place.
 G = Mean time per level.
                   A        B        C        D        E       F      G
               +--------+--------+--------+--------+--------+-----+--------+
         Total |   1327 |   1287 |     40 |    100 |   1008 |   2 |  663.5 |
       Dungeon |   1327 |   1287 |     40 |    100 |   1008 |   2 |  663.5 |
               +--------+--------+--------+--------+--------+-----+--------+

Top non-repeatable levels by time:
     D:1: 664 daAuts
     D:2: 663 daAuts
